 Dungeon Crawl Stone Soup version 0.31-a0-1616-gbeaec30b81 (webtiles) character file.

Game seed: 8295672470979498200

1802 MisterAzrael the Grappler (level 8, -11/70 HPs)
             Began as a Troll Shapeshifter on Jan 10, 2024.
             Killed from afar by a gargoyle (23 damage)
             ... with a stone arrow
             ... on level 6 of the Dungeon.
             The game lasted 00:04:10 (3716 turns).

MisterAzrael the Grappler (Troll Shapeshifter)      Turns: 3716, Time: 00:04:11

Health: -11/70     AC:  4    Str: 25    XL:     8   Next: 83%
Magic:  7/7        EV:  9    Int:  6    God:
Gold:   263        SH:  0    Dex:  9    Spells: 7/7 levels left

rFire   . .          .
                       - Unarmed
rCold   . . .        (no shield)
rNeg    . . .        a - +0 animal skin
rPois   .            (helmet currently unavailable)
rElec   .            (cloak currently unavailable)
rCorr   .            (gloves unavailable)
SInv    .            (boots unavailable)
Will    .....        l - amulet of the acrobat
Stlth   +            (no ring)
HPRegen 1.11/turn    (no ring)
MPRegen 0.10/turn

%: acrobat
@: beast-form
A: beast (slay +4), large, unfitting armour, claws 3, regeneration 1, shaggy fur
1, tough skin 1
a: Begin Untransformation


You were on level 6 of the Dungeon.
You were a hulking beast.
You visited 1 branch of the dungeon, and saw 8 of its levels.

You collected 263 gold pieces.

Inventory:

Armour
 a - a +0 animal skin (worn)
Jewellery
 k - a ring of poison resistance
 l - an amulet of the acrobat (around neck)
 t - a ring of resist corrosion
 w - a ring of ice
Talismans
 c - a beast talisman
 d - a flux talisman
Wands
 y - a wand of mindburst (14)
 A - a wand of flame (13)
 B - a wand of digging (6)
Scrolls
 e - 2 scrolls of amnesia {unknown}
 g - 4 scrolls of noise {unknown}
 h - 3 scrolls of poison {unknown}
 i - 6 scrolls of identify {unknown}
 n - 3 scrolls of fear {unknown}
 o - 3 scrolls of teleportation {unknown}
 q - a scroll of torment {unknown}
 u - a scroll of brand weapon {unknown}
 z - a scroll of enchant armour {unknown}
Potions
 b - a potion of lignification
 f - 5 potions of degeneration {unknown}
 j - a potion of curing {unknown}
 m - a potion of mutation {unknown}
 p - a potion of brilliance {unknown}
 r - 2 potions of attraction {unknown}
 s - 2 potions of might {unknown}
 v - a potion of cancellation {unknown}
 x - 2 potions of magic {unknown}


   Skills:
 - Level 1.0 Fighting
 - Level 1.5 Dodging
 + Level 8.7 Unarmed Combat
 + Level 7.9 Shapeshifting


You had 7 spell levels left.
You didn't know any spells.
Your spell library contained the following spells:

 Spells                   Type           Power      Damage    Failure   Level
 Freeze                   Ice            0%         1d3       45%         1
 Frozen Ramparts          Ice            0%         1d1       83%         3
 Hailstorm                Conj/Ice       0%         3d5       83%         3


Dungeon Overview and Level Annotations

Branches:
Dungeon (8/15)
 Temple: D:4-7         Lair: D:8-11

Altars:


Innate Abilities, Weirdness & Mutations

You are a hulking beast.
Your limbs bulge with bestial killing power. (Slay +4)
You are too large for most types of armour.
You have claws for hands.
Your natural rate of healing is unusually fast.
You are covered in fur. (AC +1)
You have tough skin. (AC +1)


Message History

The black bear growls angrily.
Found a robe.
There is a stone staircase leading down here.
A black bear is nearby!
You mangle the black bear!!
The black bear is severely wounded.
You closely miss the black bear. You claw the black bear!
You kill the black bear!
No target in view!
No target in view!
HP restored.
You open the door.
There is an open door here.
f - 5 murky coppery potions (gained 1) As you open the door, it creaks loudly!
There is an open door here.
Found 6 boomerangs.
No target in view!
No target in view!
No target in view!
x - 2 bubbling dark potions (gained 1)
A gargoyle comes into view. It is wielding a +0 mace.
Found a robe.
You see here a scroll labelled BOKIDAL HUCH.
The gargoyle hurls a stone arrow at you.
The stone arrow hits you!
You scratch the gargoyle but do no damage.
The gargoyle hits you with a +0 mace!!
You scratch the gargoyle but do no damage.
The gargoyle hits you with a +0 mace!
You claw the gargoyle!
The gargoyle is heavily damaged.
The gargoyle hurls a stone arrow at you.
The stone arrow hits you!!
* * * LOW HITPOINT WARNING * * *
You scratch the gargoyle.
The gargoyle is heavily damaged.
The gargoyle hurls a stone arrow at you.
The stone arrow hits you!!
You die...

#....... #...... #.[...
#.... #... #.. ########
#####9##+#####......#
###....h##.....'......##
..............##........
.......?......##.#......
....####......##.#......
#.. ####...##.#...... ##
#...##.#......
##.(.##.####... ....##.#
#### ....##. ######


You could see a gargoyle.

Vanquished Creatures
  Prince Ribbit (D:5)
  Pargi (D:4)
  A black bear (D:6)
  An ice beast (D:5)
  A centaur (D:5)
  2 kobold brigands
  Blork the orc (D:5)
  4 scorpions
  3 killer bees (D:5)
  3 orc priests
  4 hounds
  A jelly (D:5)
  A sleepcap (D:5)
  2 iguanas (D:5)
  Terence (D:3)
  3 orc wizards
  3 gnolls (D:4)
  7 adders
  A shadow imp (D:5)
  4 ufetubi (D:5)
  A dart slug (D:2)
  4 ribbon worms
  15 orcs
  5 endoplasms
  2 giant cockroaches
  3 goblins
  9 hobgoblins
  5 jackals (D:1)
  29 kobolds
  4 quokkas
  9 ball pythons
  6 bats
  3 frilled lizards
  4 rats
144 creatures vanquished.

Notes
Turn   | Place    | Note
-------+----------+-------------------------------------------
     0 | D:1      | MisterAzrael the Troll Shapeshifter began the quest for the
                  | Orb.
     0 | D:1      | Reached XP level 1. HP: 18/18 MP: 0/0
    89 | D:1      | Reached skill level 1 in Fighting
   170 | D:1      | Reached XP level 2. HP: 27/27 MP: 1/1
   583 | D:1      | Reached XP level 3. HP: 33/33 MP: 2/2
  1109 | D:2      | Reached skill level 4 in Unarmed Combat
  1169 | D:2      | Found a faded altar of an unknown god.
  1213 | D:2      | Reached XP level 4. HP: 32/41 MP: 3/3
  1920 | D:3      | Reached XP level 5. HP: 48/48 MP: 4/4
  2018 | D:3      | Noticed Terence
  2030 | D:3      | Killed Terence
  2066 | D:3      | Reached skill level 5 in Unarmed Combat
  2287 | D:4      | Reached XP level 6. HP: 54/55 MP: 5/5
  2293 | D:4      | Noticed Pargi
  2303 | D:4      | Killed Pargi
  2304 | D:4      | Reached skill level 5 in Shapeshifting
  2503 | D:4      | Identified the +8 dire flail of Meiryd {freeze, MP-9 Str+6
                  | Stlth+}
  2536 | D:4      | Reached skill level 6 in Unarmed Combat
  2575 | D:4      | Reached XP level 7. HP: 56/62 MP: 6/6
  2795 | D:5      | Entered Level 5 of the Dungeon
  2910 | D:5      | Noticed Prince Ribbit
  2916 | D:5      | Killed Prince Ribbit
  2917 | D:5      | Reached skill level 7 in Unarmed Combat
  2917 | D:5      | Reached XP level 8. HP: 70/70 MP: 7/7
  3228 | D:5      | Noticed Blork the orc
  3238 | D:5      | Killed Blork the orc
  3252 | D:5      | Reached skill level 8 in Unarmed Combat
  3592 | D:5      | You fall into a shaft and drop 3 floors!
  3710 | D:6      | Noticed a gargoyle
  3716 | D:6      | Killed from afar by a gargoyle

Illustrated notes

Levels and vault maps discovered:
D:1:      amcnicky_arrival_flooded_fountain, layout_basic,
          grunt_decor_mini_mirrors, hex_tiny, minmay_misc_feat_tower,
          minivault_14
D:2:      layout_basic, shapermc_ecumenical_altar_notcrosses,
          chequers_serial_rivers_micro_c, minmay_hedge_maze
D:3:      layout_rooms, uniq_terence
D:4:      minmay_octagon_keep, layout_rooms, uniq_pargi
D:5:      layout_loops_ring, minivault_25, uniq_blork_the_orc,
          uniq_prince_ribbit1
D:6:      layout_basic, gammafunk_ghost_abyssal_escape, serial_shops, shop
D:7:      minmay_flawed_box, layout_basic, minmay_temple_entry_drinking_statues,
          uniq_jeremiah, uniq_menkaure, uniq_maggie, uniq_joseph
D:8:      layout_basic, enter_bailey_4, minmay_holes, skrybe_limestone_x,
          chequers_guarded_unrand_ignorance

Skill      XL: |  1  2  3  4  5  6  7  8 |
---------------+-------------------------+-----
Fighting       | 1 |  1.0
Unarmed Combat | 4 5 6 7 8 |  8.7
Shapeshifting  | 4 5 6 7 |  7.9
Dodging        | |  1.5

Action                     |  1- 3 |  4- 6 |  7- 9 || total
---------------------------+-------+-------+-------++-------
  Melee: Unarmed           |    98 |   136 |   139 ||   373
         Punch             |     1 |     3 |     3 ||     7
   Stab: Sleeping          |     1 |     1 |       ||     2
 Armour: Animal skin       |    77 |    78 |    90 ||   245
  Dodge: Dodged            |    49 |    81 |    89 ||   219

Table legend: (Time is in decaauts)
 A = Elapsed time spent in this place.
 B = Non-inter-level travel time spent in this place.
 C = Inter-level travel time spent in this place.
 D = Time resting spent in this place.
 E = Time spent auto-exploring this place.
 F = Levels seen in this place.
 G = Mean time per level.
                   A        B        C        D        E       F      G
               +--------+--------+--------+--------+--------+-----+--------+
         Total |   3675 |   3561 |    114 |    154 |   2576 |   8 |  459.4 |
       Dungeon |   3675 |   3561 |    114 |    154 |   2576 |   8 |  459.4 |
               +--------+--------+--------+--------+--------+-----+--------+

Top non-repeatable levels by time:
     D:1: 833 daAuts
     D:5: 783 daAuts
     D:2: 773 daAuts
     D:4: 647 daAuts
     D:3: 518 daAuts
     D:7: 44 daAuts
     D:6: 39 daAuts
     D:8: 35 daAuts
